 Dungeon Crawl Stone Soup version 0.20.1-1-g8b1a95d (console) character file.

371 hilaritas the Ruffian (level 6, -4/59 HPs)
             Began as a Troll Fighter on Feb 11, 2018.
             Slain by Menkaure (16 damage)
             ... on level 4 of the Dungeon.
             The game lasted 00:09:01 (2640 turns).

hilaritas the Ruffian (Troll Fighter)               Turns: 2640, Time: 00:09:02

Health: -4/59      AC:  5    Str: 25    XL:     6   Next: 42%
Magic:  5/5        EV:  8    Int:  6    God:
Gold:   201        SH: 10    Dex:  9    Spells: 5/5 levels left

rFire    . . .     SeeInvis .     - Unarmed
rCold    . . .     Gourm    +   b - +1 shield
rNeg     . . .     Faith    .   a - +0 robe
rPois    .         Spirit   .   (helmet restricted)
rElec    .         Reflect  .   (no cloak)
rCorr    .         Harm     .   (gloves unavailable)
MR       .....                  (boots unavailable)
Stlth    +.........             (no amulet)
Regen    0.6/turn               (no ring)
MPRegen  0.1/turn               (no ring)

@: no status effects
A: unfitting armour, claws 3, fast metabolism 3, gourmand, regeneration 1,
shaggy fur 1, tough skin 2
a: no special abilities


You were on level 4 of the Dungeon.
You were very full.

You visited 1 branch of the dungeon, and saw 4 of its levels.

You collected 201 gold pieces.

Inventory:

Armour
 a - a +0 robe (worn)
 b - a +1 shield (worn)
Jewellery
 j - an uncursed ring of ice
 l - an uncursed amulet of faith
Wands
 f - a wand of lightning (5/15)
Scrolls
 g - 3 scrolls of remove curse
 n - a scroll of blinking
Potions
 c - a potion of might
 e - a potion of berserk rage
 i - 2 potions of curing {unknown}
 k - a potion of heal wounds
Comestibles
 d - 6 bread rations
 h - a meat ration
 m - 2 royal jellies


   Skills:
 + Level 2.9 Fighting
 - Level 2.4 Dodging
 + Level 3.7 Shields
 * Level 5.6 Unarmed Combat


You had 5 spell levels left.
You didn't know any spells.

Dungeon Overview and Level Annotations

Branches:
Dungeon (4/15)
 Temple: D:4-7

Altars:
Ashenzari
Kikubaaqudgha
Qazlal
Ru

Annotations:
D:4 Menkaure


Innate Abilities, Weirdness & Mutations

You are too large for most types of armour.
You have claws for hands.
Your metabolism is lightning-fast.
You like to eat raw meat.
Your natural rate of healing is unusually fast.
You are covered in fur. (AC +1)
You have very tough skin. (AC +2)


Message History

* * * LOW HITPOINT WARNING * * *
You feel much better.
Menkaure calls on the powers of darkness!
Your body is wracked with pain!
Menkaure grins.
You see here a trident.
You claw Menkaure!
Menkaure is heavily damaged.
You block Menkaure's attack.
You scratch Menkaure.
Menkaure is heavily damaged.
Menkaure closely misses you. Menkaure barely misses you.
You barely miss Menkaure.
Menkaure is heavily damaged.
Menkaure calls on the powers of darkness!
Your body is wracked with pain!
You scratch Menkaure but do no damage.
Menkaure is heavily damaged.
Menkaure hits you!
You die...

.........≈≈≈≈≈.≈≈≈
###.####...÷...≈≈≈ ...
#.≈≈≈≈..... #.#
##.≈≈≈≈.≈≈≈≈ #.#
#..≈≈≈≈.≈≈≈≈ #######.#
##..≈≈≈≈.≈≈≈≈
#........####...≈≈≈≈.≈≈≈≈
#) #................. #.#
#.####).####..#### . ...
#.##............ .. #.#
#@##.#..##.#..## #.
#..###M##.#..#.## .#..
#...............#
#....####..###.######.#
.##+...⌠...###.#
........#......#
..$.....##........
....M..#...#......
..._... ...'....[.
.......#...#......
.......#####......


You could see Menkaure.

Vanquished Creatures
  A scorpion (D:4)
  A vampire bat (D:3)
  A hound (D:4)
  Natasha (twice) (D:4)
  2 iguanas (D:4)
  A worker ant (D:4)
  6 adders
  An adder skeleton (D:4)
  A worm (D:2)
  2 dart slugs
  5 leopard geckos
  4 orcs
  8 bats
  3 bat skeletons (D:3)
  3 bat zombies (D:3)
  10 hobgoblins
  8 jackals
  2 ball pythons
  A frilled lizard (D:2)
  3 goblins (D:1)
  5 kobolds
  A leopard gecko zombie (D:4)
  4 rats
75 creatures vanquished.

Notes
Turn   | Place    | Note
-------+----------+-------------------------------------------
     0 | D:1      | hilaritas the Troll Fighter began the quest for the Orb.
     0 | D:1      | Reached XP level 1. HP: 22/22 MP: 0/0
    93 | D:1      | Reached XP level 2. HP: 26/29 MP: 1/1
   612 | D:2      | Reached XP level 3. HP: 32/36 MP: 2/2
   732 | D:2      | Reached skill level 3 in Unarmed Combat
   870 | D:2      | Reached XP level 4. HP: 41/44 MP: 3/3
  1922 | D:3      | Found an ancient bone altar of Kikubaaqudgha.
  1926 | D:3      | Reached skill level 4 in Unarmed Combat
  1926 | D:3      | Reached XP level 5. HP: 51/52 MP: 4/4
  2281 | D:4      | Found a stormy altar of Qazlal.
  2286 | D:4      | Found a sacrificial altar of Ru.
  2388 | D:4      | Reached skill level 5 in Unarmed Combat
  2388 | D:4      | Reached XP level 6. HP: 55/59 MP: 5/5
  2595 | D:4      | Noticed Natasha
  2596 | D:4      | Found a shattered altar of Ashenzari.
  2601 | D:4      | Killed Natasha
  2614 | D:4      | Noticed Natasha
  2614 | D:4      | Noticed Menkaure
  2634 | D:4      | Killed Natasha
  2640 | D:4      | Slain by Menkaure

Skill      XL: |  1  2  3  4  5 |
---------------+----------------+-----
Shields        | 3 |  3.7
Unarmed Combat | 3 4 5 |  5.6
Fighting       | |  2.9
Dodging        | |  2.4

Action                   |  1- 3 |  4- 6 || total
-------------------------+-------+-------++-------
Melee: Unarmed           |    78 |   148 ||   226
  Use: Scroll            |     1 |    10 ||    11
       Potion            |       |     1 ||     1
 Stab: Sleeping          |       |     1 ||     1
  Eat: Chunk             |    13 |    16 ||    29
Armor: Robe              |    16 |    60 ||    76
Dodge: Dodged            |    16 |    49 ||    65
Block: Shield            |    28 |    74 ||   102
